 Dungeon Crawl Stone Soup version 0.23.2-1-ga50397a (webtiles) character file.

Game seed: 6500319603909002561

197586 Hogrash the Hoplite (level 18, -20/166 HPs)
             Began as a Hill Orc Monk on May 9, 2019.
             Was a High Priest of Beogh.
             Shot with a bolt by a yaktaur captain (27 damage)
             ... on level 3 of the Vaults on May 10, 2019.
             The game lasted 03:51:12 (46762 turns).

Hogrash the Hoplite (Hill Orc Monk)                Turns: 46762, Time: 03:51:13

Health: -20/166    AC: 30    Str: 22    XL:     18   Next: 41%
Magic:  30/30      EV: 15    Int: 16    God:    Beogh [*****.]
Gold:   3920       SH: 25    Dex: 13    Spells: 17/17 levels left

rFire    + . .     SeeInvis .   U - +7 war axe of Hubris {chop, Int+3}
rCold    . . .     Gourm    .   R - +0 large shield
rNeg     . . .     Faith    .   L - +4 plate armour {ponderous}
rPois    .         Spirit   .   X - +0 helmet {Int+3}
rElec    +         Reflect  +   O - +1 cloak {MR+}
rCorr    .         Harm     .   t - +0 pair of gloves
MR       ++...                  v - +1 pair of boots
Stlth    ..........             l - +2 amulet of reflection
HPRegen  0.37/turn              x - ring "Bogras" {rElec rF+ AC+4 Stlth+}
MPRegen  0.22/turn              N - ring of Phasing {EV+8}

@: marked, slow
A: walk on water
}: 1/15 runes: decaying
a: Smiting, Recall Orcish Followers, Give Item to Named Follower, Renounce
Religion


You were on level 3 of the Vaults.
You worshipped Beogh.
Beogh was extremely pleased with you.
You were hungry.

You visited 5 branches of the dungeon, and saw 30 of its levels.

You collected 5231 gold pieces.
You spent 1311 gold pieces at shops.

Inventory:

Hand Weapons
 a - a +2 war axe of venom
 J - a +2 war axe of electrocution
 U - the +7 war axe of Hubris (weapon) {chop, Int+3}
   (You bought it in a shop on level 2 of the Orcish Mines)

   It inflicts extra damage upon your enemies.
   It affects your intelligence (+3).
 W - a +2 war axe of freezing
Armour
 t - a +0 pair of gloves (worn)
 v - a +1 pair of boots (worn)
 L - a +4 plate armour of ponderousness (worn)
 O - a +1 cloak of magic resistance (worn)
 R - a +0 large shield (worn)
 X - a +0 helmet of intelligence (worn)
Jewellery
 b - an uncursed ring of protection from fire
 d - an uncursed ring of protection from fire
 l - a +2 amulet of reflection (around neck)
 x - the ring "Bogras" (left hand) {rElec rF+ AC+4 Stlth+}
   (You found it on level 5 of the Dungeon)

   [ring of protection]

   It affects your AC (+4).
   It protects you from fire.
   It insulates you from electricity.
   It makes you more stealthy.
 B - an uncursed ring of protection from fire
 I - an uncursed ring of flight
 M - an uncursed ring of resist corrosion
 N - the ring of Phasing (right hand) {EV+8}
   (You found it on level 14 of the Dungeon)

   [ring of evasion]

   It affects your evasion (+8).
Wands
 k - a wand of paralysis (16)
 A - a wand of disintegration (24)
 C - a wand of enslavement (9)
 D - a wand of iceblast (4)
 E - a wand of digging (8)
 F - a wand of acid (4)
 V - a wand of flame (12)
Scrolls
 e - 5 scrolls of blinking
 f - a scroll of brand weapon
 g - 12 scrolls of remove curse
 h - a scroll of fear
 i - 10 scrolls of teleportation
 j - 11 scrolls of identify
 o - 8 scrolls of amnesia
 q - 9 scrolls of enchant armour
 r - 6 scrolls of magic mapping
 u - 3 scrolls of summoning
 w - a scroll of torment
 y - 2 scrolls of enchant weapon
 P - 2 scrolls of fog
 T - a scroll of silence
Potions
 m - 2 potions of resistance
 n - 4 potions of flight
 p - 8 potions of might
 s - 10 potions of curing
 z - 4 potions of brilliance
 G - 2 potions of agility
 H - 2 potions of magic
 Q - 5 potions of lignification
 Y - 4 potions of haste
Miscellaneous
 Z - a lamp of fire
Comestibles
 c - 15 rations


   Skills:
 + Level 16.0 Fighting
 - Level 16.9 Axes
 - Level 10.7 Armour
 - Level 2.4 Dodging
 - Level 1.5 Stealth
 + Level 21.2 Shields
 * Level 17.0 Invocations


You had 17 spell levels left.
You didn't know any spells.
Your spell library contained the following spells:

 Spells                   Type           Power        Failure   Level  Hunger
 Animate Skeleton         Necr           N/A          99%         1    ##.....
 Apportation              Tloc           #.....       99%         1    ##.....
 Beastly Appendage        Tmut           #.....       99%         1    ##.....
 Confusing Touch          Hex            #.....       99%         1    ##.....
 Freeze                   Ice            #...         99%         1    ##.....
 Magic Dart               Conj           #...         99%         1    ##.....
 Pain                     Necr           #...         99%         1    ##.....
 Sting                    Conj/Pois      #...         99%         1    ##.....
 Summon Small Mammal      Summ           #...         99%         1    ##.....
 Blink                    Tloc           N/A          100%        2    ###....
 Call Imp                 Summ           #.......     100%        2    ###....
 Poisonous Vapours        Pois/Air       #.....       100%        2    ###....
 Shroud of Golubria       Chrm/Tloc      #.........   100%        2    ###....
 Slow                     Hex            #.......     100%        2    ###....
 Sticks to Snakes         Tmut           #.......     100%        2    ###....
 Swiftness                Chrm/Air       #.......     100%        2    ###....
 Throw Frost              Conj/Ice       #.....       100%        2    ###....
 Call Canine Familiar     Summ           #.......     100%        3    ####...
 Conjure Flame            Conj/Fire      #.......     100%        3    ####...
 Gell's Gravitas          Tloc           #.........   100%        3    ####...
 Lesser Beckoning         Tloc           #.........   100%        3    ####...
 Mephitic Cloud           Conj/Pois/Air  #.......     100%        3    ####...
 Ozocubu's Armour         Chrm/Ice       #.......     100%        3    ####...
 Regeneration             Chrm/Necr      #.........   100%        3    ####...
 Spectral Weapon          Hex/Chrm       #.......     100%        3    ####...
 Spider Form              Tmut/Pois      #.........   100%        3    ####...
 Static Discharge         Conj/Air       #.......     100%        3    ####...
 Summon Guardian Golem    Hex/Summ       #.......     100%        3    ####...
 Vampiric Draining        Necr           #.........   100%        3    ####...
 Animate Dead             Necr           N/A          100%        4    #####..
 Force Lance              Conj/Tloc      #.......     100%        4    #####..
 Ice Form                 Ice/Tmut       #.......     100%        4    #####..
 Olgreb's Toxic Radiance  Pois           #.......     100%        4    #####..
 Summon Ice Beast         Ice/Summ       #.......     100%        4    #####..
 Summon Lightning Spire   Summ/Air       #.......     100%        4    #####..
 Throw Icicle             Conj/Ice       #.......     100%        4    #####..
 Aura of Abjuration       Summ           #.........   100%        5    ######.
 Blade Hands              Tmut           #.........   100%        5    ######.
 Lee's Rapid Deconstruct  Erth           #.........   100%        5    ######.
 Lightning Bolt           Conj/Air       #.........   100%        5    ######.
 Summon Forest            Summ/Tloc      #.........   100%        5    ######.
 Venom Bolt               Conj/Pois      #.........   100%        5    ######.
 Death Channel            Necr           #.........   100%        6    #######
 Dispersal                Tloc           #.........   100%        6    #######
 Controlled Blink         Tloc           N/A          100%        8    #######
 Ignition                 Fire           #.........   100%        8    #######
 Shatter                  Erth           #.........   100%        9    #######
 Tornado                  Air            #.........   100%        9    #######


Dungeon Overview and Level Annotations

Branches:
Dungeon (15/15)            Temple (0/1) D:4            Lair (6/6) D:10
  Swamp (4/4) Lair:3       Spider (0/4) Lair:3        Slime (0/5) Lair:6
    Orc (2/2) D:10            Elf (0/3) Orc:2        Vaults (3/5) D:14
  Crypt (0/3) Vaults:2     Depths (0/5) D:15

Altars:
Dithmenos
Fedhas
Gozag
Hepliaklqana
Kikubaaqudgha
Okawaru
Qazlal
Ru
Trog
Wu Jian
Yredelemnul
The Shining One
Beogh
Jiyva

Shops:
D:4 [   D:6 [   D:8 %   D:13 [   Orc:2 (   Vaults:3 *(*[

Annotations:
D:5 2 runed translucent doors
D:6 1 runed translucent door, 1 exclusion, Crazy Yiuf
D:7 3 runed translucent doors, Borbor's ghost, novice HaHu; DungeonDestroyer's ghost, novice GnSk; Killmatronix's ghost, novice DrWn; MordorOrchid's ghost, novice TrMo; myga's ghost, novice TeSu
D:10 exclusion: 2 oklob plants
Lair:2 exclusion: oklob plant
Swamp:2 2 transporters, MordorOrchid's ghost, journeyman TrMo


Message History

Murdo hits the ice dragon with a +0 trident!
The ice dragon dies!
Beogh accepts your kill.
Your Fighting skill increases to level 16!
The vault sentinel blows a loud note on a signal horn!
Murdo hits the vault sentinel with a +0 trident.
The vault sentinel points at you and mumbles some strange words.
The mark upon you grows brighter.
There is an open door here.
Murdo barely misses the vault sentinel.
The ettin zombie hits Murdo!!
The ettin zombie hits Murdo!
Murdo dies!
A yaktaur captain comes into view.
You close the door.
A vault sentinel opens the door.
An ironbrand convoker comes into view. It is wielding a +0 mace.
The vault sentinel blows a loud note on a signal horn!
The yaktaur captain wields a +0 arbalest.
The yaktaur captain shoots a bolt.
The bolt hits you!!
You die...

##........##################'#
...............................
................................
###.########.......#######'#.o..
#.#......#########.......#.... #
#......#.......#.......#....
#......#.#...#.'.......#...#
#......#.......#.......#..##
#...)Z.#...@...#.......#.##.
#..).ppc.......+.....(.#.#.#
##)#)###.#...#.#.......#.#.#
...Z.).)..#......(#.......#.#.#
.......)..#################.###
............. ..........
.............. ..........
####........### ######'##
#...(....# #.....#


You could see a yaktaur captain, a vault sentinel and an ironbrand convoker.

Vanquished Creatures
  Rupert (Lair:4)
  A sphinx (Vaults:2)
  A thorn hunter (Swamp:4)
  Gastronok (Lair:2)
  Kirke (D:15)
  Donald (Swamp:1)
  3 vault wardens
  6 ironheart preservers
  3 entropy weavers
  3 stone giants
  A deep elf demonologist (Vaults:1)
  Azrael (Orc:1)
  2 green deaths (Swamp:4)
  An ettin (Vaults:2)
  A fire dragon (Vaults:1)
  A yaktaur captain (Vaults:2)
  A great orb of eyes (Vaults:2)
  A catoblepas (D:15)
  An ice dragon (Vaults:2)
  2 rakshasas
  A vault guard (D:14)
  5 hydras
  4 shambling mangroves
  2 centaur warriors
  12 alligators
  2 ogre magi (Vaults:2)
  5 two-headed ogres
  A thrashing horror (Swamp:4)
  A death yak (Lair:6)
  5 deep elf knights
  Nergalle (Lair:2)
  6 skeletal warriors
  5 swamp dragons
  5 unseen horrors
  A deep troll (Vaults:2)
  A glowing orange brain (Vaults:2)
  A spriggan druid (Swamp:2)
  A deep elf archer (Vaults:2)
  A necromancer (Vaults:3)
  2 wizards
  2 ironbrand convokers (Vaults:2)
  A wolf spider zombie (D:14)
  2 wolf spiders
  3 deep elf magi (Vaults:2)
  10 ugly things
  An orb spider (Lair:3)
  2 orc sorcerers
  3 large abominations (Swamp:4)
  2 manticores
  A cyclops (Vaults:1)
  4 black mambas
  5 elephants
  2 vault sentinels
  3 naga magi (D:15)
  An orange demon (Swamp:4)
  10 spiny frogs
  3 komodo dragons
  A torpor snail (Lair:6)
  An efreet (D:10)
  A yaktaur (D:15)
  A freezing wraith (D:15)
  4 rime drakes (Lair:5)
  A tengu conjurer (D:13)
  6 hornets
  A polar bear (shapeshifter) (Vaults:2)
  4 trolls
  5 dream sheep (Lair:6)
  An ettin zombie (Vaults:3)
  10 tyrant leeches
  15 slime creatures
  6 hippogriffs
  5 blink frogs
  4 bog bodies
  A centaur simulacrum (D:14)
  5 shadows
  7 wyverns (Lair:5)
  A redback (Vaults:2)
  2 spriggans
  13 yaks
  A wraith (D:12)
  A vampire (D:12)
  3 fire elementals
  3 basilisks (Lair:5)
  7 vampire mosquitoes
  2 hungry ghosts
  5 hogs (D:15)
  Edmund (D:4)
  2 steam dragons
  13 swamp worms
  6 insubstantial wisps (Swamp:1)
  3 wargs
  A water moccasin (D:11)
  3 hell hounds
  A porcupine (Lair:1)
  A soldier ant (D:13)
  3 orc warriors
  3 ice beasts
  A sky beast (D:6)
  A black bear (D:11)
  An ettin simulacrum (Vaults:3)
  2 swamp drakes
  2 wolves (Lair:1)
  12 ogres
  A boggart (Vaults:1)
  3 centaurs
  4 crocodiles
  2 big kobolds
  6 bullfrogs
  A wyvern skeleton (D:15)
  3 scorpions
  A killer bee (D:13)
  2 howler monkeys
  3 wights (D:11)
  An electric eel (D:15)
  3 crimson imps
  A jelly (D:5)
  A quasit (D:8)
  3 centaur zombies
  2 hounds
  5 orc priests
  3 bullfrog skeletons
  4 centaur skeletons
  3 iguanas
  7 orc wizards
  10 worker ants
  A killer bee zombie (D:7)
  2 hound zombies (D:8)
  A hound skeleton (D:10)
  5 worker ant zombies
  A howler monkey zombie (D:7)
  9 adders
  3 gnolls
  2 shadow imps (D:15)
  2 oozes
  3 adder skeletons
  5 worms (D:3)
  2 dart slugs (D:1)
  A leopard gecko (D:11)
  25 orcs
  3 bats
  6 giant cockroaches
  6 hobgoblins
  2 jackals (D:2)
  17 kobolds
  5 quokkas
  A ball python (D:2)
  5 frilled lizards
  6 goblins
  A leopard gecko zombie (D:6)
  5 rats
  3 fungi
  2 plants
516 creatures vanquished.

Vanquished Creatures (collateral kills)
  A tentacled monstrosity (Swamp:4)
  A sphinx (Vaults:2)
  Frances (Swamp:1)
  A fire giant (shapeshifter) (Vaults:1)
  2 orc warlords
  3 vault wardens
  A deep elf sorcerer (Vaults:2)
  The ghost of Squonk the Demonic Aeon, a journeyman DsTm of Cheibriados (D:15)
  2 entropy weavers (Vaults:2)
  The ghost of Paps the Basher, a journeyman TrFi of Gozag (Lair:6)
  4 ironheart preservers
  4 stone giants
  A minotaur (D:15)
  A deep elf death mage (Vaults:2)
  A fire dragon (Lair:6)
  2 yaktaur captains
  An ettin (Vaults:2)
  An ogre mage (Vaults:2)
  3 ice dragons
  11 hydras
  4 vault guards (Vaults:1)
  A catoblepas (Lair:2)
  A shambling mangrove (Swamp:1)
  A centaur warrior (D:14)
  8 two-headed ogres
  A death knight (D:15)
  2 tengu warriors
  5 orc knights
  A deep troll shaman (Vaults:2)
  3 death yaks (Lair:6)
  2 alligators
  2 spectral death yaks (Lair:6)
  8 skeletal warriors
  2 spriggans
  A deep elf knight (Vaults:2)
  A wizard (Vaults:3)
  An unseen horror (D:14)
  A deep troll (Vaults:2)
  3 deep elf archers (Vaults:2)
  A lindwurm (Lair:6)
  A lindwurm (shapeshifter) (D:14)
  An ironbrand convoker (Vaults:3)
  A necromancer (D:15)
  12 ugly things
  3 wolf spiders
  An orb spider (shapeshifter) (D:14)
  An orc sorcerer (Orc:2)
  3 cyclopes (Vaults:2)
  4 deep elf magi
  6 slime creatures
  A tengu skeleton (Vaults:3)
  2 centaur zombies
  4 vault sentinels
  13 elephants
  5 black mambas
  3 molten gargoyles (Lair:6)
  9 spiny frogs
  2 spiny frogs (shapeshifter)
  A gargoyle (D:14)
  3 centaur skeletons
  2 freezing wraiths (Vaults:2)
  5 komodo dragons
  An efreet (D:14)
  6 yaktaurs
  3 rime drakes (Lair:5)
  3 kobold demonologists
  2 trolls
  A tengu conjurer (D:15)
  6 polar bears
  8 hornets
  2 jumping spiders
  2 tyrant leeches (Swamp:3)
  12 blink frogs
  2 bog bodies
  7 hippogriffs
  2 human simulacra
  6 dream sheep (Lair:6)
  A hippogriff (shapeshifter) (Vaults:1)
  7 wyverns
  A tarantella (shapeshifter) (Vaults:1)
  A redback (Vaults:1)
  27 yaks
  A water elemental (D:15)
  3 shadows
  A wraith (D:15)
  A hog (D:15)
  3 vampires
  A hungry ghost (D:10)
  4 basilisks
  2 vampire mosquitoes (D:15)
  A spectral spiny frog (Lair:6)
  2 wargs
  6 water moccasins
  5 orc warriors
  5 hell hounds (Lair:6)
  7 porcupines
  2 sky beasts
  6 ice beasts
  2 swamp drakes
  A phantom (D:8)
  6 ogres
  7 wolves
  4 centaurs
  A boggart (D:14)
  8 crocodiles
  16 bullfrogs
  2 scorpions
  5 killer bees (D:13)
  2 wights (D:11)
  A dream sheep simulacrum (Lair:6)
  A howler monkey (D:11)
  An electric eel (Lair:6)
  A bullfrog zombie (D:9)
  4 lava snakes (Lair:6)
  A crimson imp (D:11)
  A hound (D:10)
  2 orc priests
  2 bullfrog skeletons
  4 jellies
  An iguana (D:8)
  6 orc wizards
  7 hell rats (Lair:3)
  A worker ant (D:11)
  A killer bee zombie (D:9)
  2 oozes (Lair:6)
  2 leopard geckos
  6 orcs
  4 butterflies (Lair:4)
  A fire vortex (D:15)
  3 fungi
  12 plants
443 creatures vanquished.

Vanquished Creatures (others)
  An orc warlord (Vaults:3)
  A vault warden (Vaults:3)
  A yaktaur captain (Vaults:3)
  2 centaur warriors
  4 orc knights
  A wizard (D:14)
  A cyclops (D:15)
  3 yaktaurs (Vaults:2)
  A shadow (D:14)
  11 orc warriors
  A jelly (D:10)
  6 orc priests
  7 orc wizards
  35 orcs
  A fire vortex (D:15)
  12 fungi
  11 plants
99 creatures vanquished.

Grand Total: 1058 creatures vanquished

Notes
Turn   | Place    | Note
-------+----------+-------------------------------------------
     0 | D:1      | Hogrash the Hill Orc Monk began the quest for the Orb.
     0 | D:1      | Reached XP level 1. HP: 19/19 MP: 1/1
   511 | D:1      | Reached XP level 2. HP: 16/26 MP: 2/2
   990 | D:1      | Reached skill level 5 in Axes
  1759 | D:2      | Reached XP level 3. HP: 12/31 MP: 3/3
  2862 | D:3      | Reached XP level 4. HP: 33/39 MP: 4/4
  4257 | D:3      | Reached XP level 5. HP: 34/45 MP: 5/5
  4341 | D:4      | Noticed Edmund
  4741 | D:4      | Reached XP level 6. HP: 39/51 MP: 6/6
  4921 | D:4      | Found a blossoming altar of Fedhas.
  5119 | D:4      | Became a worshipper of Beogh the Brigand
  5119 | D:4      | Reached * piety under Beogh
  5119 | D:4      | Reached ** piety under Beogh
  5126 | D:4      | Found a staircase to the Ecumenical Temple.
  5178 | D:4      | Found Gipipt's Armour Boutique.
  5189 | D:4      | Bought a +0 pair of gloves for 49 gold pieces
  5189 | D:4      | Bought a +0 cloak for 49 gold pieces
  5436 | D:4      | Killed Edmund
  5436 | D:4      | Reached skill level 10 in Axes
  5436 | D:4      | Reached XP level 7. HP: 40/57 MP: 7/7
  5589 | D:5      | Entered Level 5 of the Dungeon
  5735 | D:5      | Got a fine iron ring
  5901 | D:5      | Found a runed translucent door.
  5902 | D:5      | Found a runed translucent door.
  5902 | D:5      | Noticed a soldier ant
  6216 | D:5      | Identified the ring "Bogras" {rElec rF+ AC+4 Stlth+} (You
                  | found it on level 5 of the Dungeon)
  6431 | D:5      | Found a runed translucent door.
  6434 | D:5      | Found a runed translucent door.
  6445 | D:5      | Reached skill level 1 in Armour
  6488 | D:6      | Reached XP level 8. HP: 66/66 MP: 8/8
  6591 | D:6      | Found Xuizir's Antique Armour Shop.
  6638 | D:6      | Bought a bloodstained chain mail for 180 gold pieces
  6648 | D:6      | Identified the +3 chain mail of Fortification {Int+2} (You
                  | bought it in a shop on level 6 of the Dungeon)
  6953 | D:6      | Found a runed translucent door.
  6954 | D:6      | Noticed Crazy Yiuf
  7464 | D:7      | Reached *** piety under Beogh
  7735 | D:6      | Reached XP level 9. HP: 83/83 MP: 9/9
  7789 | D:7      | Found an iron altar of Okawaru.
  7793 | D:7      | Found a runed translucent gate.
  7794 | D:7      | Found a runed translucent gate.
  7802 | D:7      | Found a sacrificial altar of Ru.
  7802 | D:7      | Found an ornate altar of the Wu Jian Council.
  7805 | D:7      | Found a glowing golden altar of the Shining One.
  7805 | D:7      | Found a hazy altar of Hepliaklqana.
  7806 | D:7      | Found a bloodstained altar of Trog.
  7842 | D:7      | Found a runed translucent gate.
  7842 | D:7      | Noticed Killmatronix's ghost (novice DrWn)
  7842 | D:7      | Noticed myga's ghost (novice TeSu)
  7842 | D:7      | Noticed DungeonDestroyer's ghost (novice GnSk)
  7843 | D:7      | Noticed MordorOrchid's ghost (novice TrMo)
  7843 | D:7      | Noticed Borbor's ghost (novice HaHu)
  7930 | D:8      | Found Bewk's Food Boutique.
  7936 | D:8      | Gained Herok as an ally
  8083 | D:8      | Reached skill level 1 in Invocations
  8431 | D:8      | Reached XP level 10. HP: 91/91 MP: 11/11
  8707 | D:9      | Found a shadowy altar of Dithmenos.
  8790 | D:9      | Reached skill level 10 in Fighting
  9224 | D:10     | Entered Level 10 of the Dungeon
  9240 | D:10     | Found a stormy altar of Qazlal.
  9264 | D:10     | Noticed a two-headed ogre
  9270 | D:10     | Killed a two-headed ogre
  9270 | D:10     | Reached skill level 5 in Armour
  9271 | D:10     | Found a staircase to the Lair.
  9335 | D:10     | Found an opulent altar of Gozag.
  9371 | D:10     | Reached **** piety under Beogh
  9417 | D:10     | Found a blossoming altar of Fedhas.
  9419 | D:10     | Noticed an oklob plant
  9419 | D:10     | Noticed an oklob plant
  9991 | D:10     | Found a staircase to the Orcish Mines.
 10320 | Lair:1   | Entered Level 1 of the Lair of Beasts
 10326 | Lair:1   | Noticed an eight-headed hydra
 10335 | Lair:1   | Noticed a spiny frog
 10341 | Lair:1   | Killed a ten-headed hydra
 10374 | Lair:1   | Noticed a spiny frog
 10382 | Lair:1   | Killed a spiny frog
 10382 | Lair:1   | Reached XP level 11. HP: 70/101 MP: 12/12
 11410 | Lair:2   | Noticed Nergalle
 11539 | D:11     | Noticed a two-headed ogre
 11544 | D:11     | Killed a two-headed ogre
 11544 | D:11     | Reached skill level 1 in Shields
 11759 | D:11     | Noticed a two-headed ogre
 11778 | D:11     | Killed an unseen horror
 11787 | D:11     | Killed a two-headed ogre
 11787 | D:11     | Reached skill level 2 in Shields
 12109 | D:11     | Gained Arbeogh as an ally
 12266 | D:11     | Reached ***** piety under Beogh
 12558 | D:11     | Noticed a two-headed ogre
 12567 | D:11     | Killed a two-headed ogre
 12745 | D:12     | Your ally Herok died
 13157 | D:12     | Killed an unseen horror
 13157 | D:12     | Reached skill level 10 in Armour
 13163 | D:12     | Noticed a manticore
 13169 | D:12     | Killed a manticore
 13169 | D:12     | Reached XP level 12. HP: 75/112 MP: 15/15
 13447 | D:12     | Reached skill level 3 in Shields
 13599 | D:12     | Reached skill level 5 in Invocations
 13889 | Lair:2   | Reached skill level 4 in Shields
 14105 | Lair:2   | Noticed Gastronok
 14186 | Lair:2   | Killed Gastronok
 14186 | Lair:2   | Reached skill level 6 in Shields
 14254 | Lair:2   | Killed Nergalle
 14270 | Lair:2   | Noticed a catoblepas
 14284 | Lair:2   | Killed a catoblepas
 14284 | Lair:2   | Reached skill level 7 in Shields
 15293 | Lair:3   | Reached skill level 8 in Shields
 15297 | Lair:3   | Gained Bogbarth as an ally
 15704 | Lair:3   | Reached skill level 9 in Shields
 15843 | Lair:3   | Found a hole to the Spider Nest.
 15859 | Lair:3   | Reached skill level 10 in Shields
 16156 | Lair:3   | Reached XP level 13. HP: 105/118 MP: 16/16
 16268 | Lair:3   | Found a staircase to the Swamp.
 16741 | Lair:4   | Reached skill level 11 in Shields
 17067 | Lair:4   | Noticed Rupert
 17079 | Lair:4   | Killed Rupert
 17779 | Lair:5   | Reached skill level 12 in Shields
 18099 | Lair:5   | Reached ****** piety under Beogh
 18132 | Lair:5   | Reached skill level 13 in Shields
 18818 | Lair:6   | Entered Level 6 of the Lair of Beasts
 18835 | Lair:6   | Reached skill level 14 in Shields
 19305 | Lair:6   | Reached XP level 14. HP: 115/126 MP: 17/17
 19385 | Lair:6   | Found a runed translucent gate.
 19386 | Lair:6   | Found a runed translucent gate.
 19387 | Lair:6   | Found a runed translucent gate.
 19389 | Lair:6   | Noticed Paps's ghost (journeyman TrFi)
 19412 | Lair:6   | Killed Paps's ghost
 19412 | Lair:6   | Reached skill level 15 in Shields
 19420 | Lair:6   | Identified the Disquisition on the Ashen Compass
 19939 | Lair:6   | Found a large runed translucent door.
 19975 | Lair:6   | Reached skill level 16 in Shields
 20133 | Lair:6   | Found a large runed translucent door.
 20503 | Lair:6   | Found a runed translucent door.
 20503 | Lair:6   | Found a viscous altar of Jiyva.
 20503 | Lair:6   | Found a staircase to the Slime Pits.
 21072 | D:12     | Identified the Guide on Lethal Creation
 21113 | D:13     | Found Bequyn's Antique Armour Shop.
 21134 | D:13     | Bought a shiny plate armour for 598 gold pieces
 21134 | D:13     | Bought an embroidered cloak for 172 gold pieces
 21274 | D:13     | Identified the Reference Book on Vitriolic Displacement
 22260 | D:14     | Reached skill level 17 in Shields
 22310 | D:14     | Gained Nordag as an ally
 22443 | D:14     | Found the ring of Phasing {EV+8}
 22968 | D:14     | Your ally Nordag died
 23130 | D:14     | Reached XP level 15. HP: 132/132 MP: 18/18
 23131 | D:14     | Reached skill level 18 in Shields
 23191 | D:14     | Found a gate to the Vaults.
 23351 | D:14     | You fall through a shaft!
 23351 | D:15     | Entered Level 15 of the Dungeon
 23872 | D:15     | Found a staircase to the Depths.
 24941 | D:15     | Found the +8 arc blade {discharge, rElec}
 25181 | D:15     | Noticed Kirke
 25185 | D:15     | Noticed a sphinx
 25188 | D:15     | Reached skill level 19 in Shields
 25193 | D:15     | Killed Kirke
 25211 | D:15     | Noticed Squonk's ghost (journeyman DsTm)
 25253 | D:15     | Found a runed translucent gate.
 25253 | D:15     | Found a runed translucent gate.
 25253 | D:15     | Found a runed translucent gate.
 25286 | D:15     | Killed Squonk's ghost
 26188 | Swamp:1  | Entered Level 1 of the Swamp
 26276 | Swamp:1  | Noticed Donald
 26283 | Swamp:1  | Killed Donald
 27891 | Swamp:2  | Found a transporter.
 27897 | Swamp:2  | Noticed MordorOrchid's ghost (journeyman TrMo)
 27904 | Swamp:2  | Noticed Frances
 28243 | Swamp:1  | Killed Frances
 28407 | Swamp:2  | Found a transporter.
 28477 | Swamp:2  | Reached XP level 16. HP: 141/141 MP: 21/21
 30753 | Swamp:4  | Entered Level 4 of the Swamp
 31061 | Swamp:4  | Noticed a thorn hunter
 31086 | Swamp:4  | Killed a thorn hunter
 31418 | Swamp:4  | Reached skill level 20 in Shields
 31418 | Swamp:4  | Reached skill level 10 in Invocations
 31506 | Swamp:4  | Gained Horkud as an ally
 31803 | Swamp:4  | HP: 7/144 [poisoned by a swamp dragon (poison gas)]
 31808 | Swamp:4  | HP: 6/144 [poisoned by a swamp dragon (poison gas)]
 31814 | Swamp:4  | HP: 6/144 [poisoned by a swamp dragon (poison gas)]
 31822 | Swamp:4  | HP: 7/144 [poisoned by a swamp dragon (poison gas)]
 32550 | Swamp:4  | Your ally Horkud died
 32633 | Swamp:4  | Noticed a tentacled monstrosity
 32649 | Swamp:4  | Killed a tentacled monstrosity
 34164 | Swamp:4  | Got a decaying rune of Zot
 34676 | Vaults:1 | Entered Level 1 of the Vaults
 35033 | Vaults:1 | Noticed an Executioner
 35034 | Vaults:1 | Noticed an Executioner
 35716 | Vaults:1 | Gained Orkrul as an ally
 36486 | D:14     | Found a bloodstained altar of Trog.
 36754 | Orc:1    | Entered Level 1 of the Orcish Mines
 37127 | Orc:1    | Found a roughly hewn altar of Beogh.
 37194 | Orc:2    | Entered Level 2 of the Orcish Mines
 37194 | Orc:2    | Found a staircase to the Elven Halls.
 37194 | Orc:2    | Found a roughly hewn altar of Beogh.
 37194 | Orc:2    | Noticed Azrael
 37204 | Orc:1    | Killed Azrael
 37204 | Orc:1    | Reached XP level 17. HP: 136/152 MP: 26/26
 38107 | Orc:2    | Found Lumuohux's Antique Weapon Emporium.
 38116 | Orc:2    | Bought a brightly glowing war axe for 263 gold pieces
 38116 | Orc:2    | Identified the +7 war axe of Hubris {chop, Int+3} (You
                  | bought it in a shop on level 2 of the Orcish Mines)
 40899 | Vaults:2 | Gained Olfik as an ally
 43219 | Vaults:2 | Identified Digh's Handbook of Warped Augmentations
 43508 | Vaults:2 | Found a staircase to the Crypt.
 43508 | Vaults:2 | Found a basalt altar of Yredelemnul.
 43509 | Vaults:2 | Found an ancient bone altar of Kikubaaqudgha.
 43573 | Vaults:2 | Reached skill level 15 in Fighting
 43799 | Vaults:2 | Gained Murdo as an ally
 43881 | Vaults:2 | Reached skill level 15 in Invocations
 44250 | Vaults:2 | Gained Nordag as an ally
 44701 | Vaults:2 | Noticed a sphinx
 44709 | Vaults:2 | Killed a sphinx
 44747 | Vaults:2 | Reached skill level 21 in Shields
 44885 | Vaults:2 | Reached XP level 18. HP: 163/163 MP: 29/29
 44965 | Vaults:2 | Gained Bogdar as an ally
 46015 | Vaults:3 | Found Dube's General Store.
 46051 | Vaults:3 | Found Gozag's Antique Weapon Shop.
 46069 | Vaults:3 | Gained Boruk as an ally
 46088 | Vaults:3 | Your ally Bogdar died
 46234 | Vaults:3 | Found an opulent altar of Gozag.
 46234 | Vaults:3 | Found Gozag's Antique Armour Boutique.
 46493 | Vaults:3 | Found Gozag's Assorted Antiques.
 46717 | Vaults:3 | Your ally Boruk died
 46736 | Vaults:3 | HP: 7/166 [ettin simulacrum[a necromancer] (24)]
 46754 | Vaults:3 | HP: 3/166 [ice dragon/blast of cold (14)]
 46758 | Vaults:3 | Your ally Murdo died
 46762 | Vaults:3 | Shot with a bolt by a yaktaur captain

Skill      XL: |  1  2  3  4  5  6  7  8  9 10 11 12 13 14 15 16 17 18 |
---------------+-------------------------------------------------------+-----
Axes           | 5 6 7 8 10 11 16 | 16.9
Armour         | 1 2 3 7 10 | 10.7
Fighting       | 9 10 12 14 15 16 | 16.0
Invocations    | 2 4 5 7 12 15 17 | 17.0
Shields        | 2 10 14 17 19 20 21 | 21.2
Dodging        | |  2.4
Stealth        | |  1.5

Action                   |  1- 3 |  4- 6 |  7- 9 | 10-12 | 13-15 | 16-18 || total
-------------------------+-------+-------+-------+-------+-------+-------++-------
Melee: Hand axe          |   133 |    60 |       |       |       |       ||   193
       War axe           |       |    81 |   220 |   420 |   952 |   982 ||  2655
Throw: Stone             |    30 |     3 |       |       |       |       ||    33
       Javelin           |     1 |     4 |       |       |       |       ||     5
Invok: Convert to Beogh  |       |     1 |       |       |       |       ||     1
       Recall Orcish Fol |       |       |       |     8 |    13 |    20 ||    41
       Smiting           |       |       |       |       |       |    15 ||    15
       Stop Recall       |       |       |       |       |       |     3 ||     3
       Resurrection      |       |       |       |       |       |     1 ||     1
Evoke: Wand              |       |       |       |     4 |       |     8 ||    12
  Use: Potion            |     2 |       |     1 |       |     1 |     6 ||    10
       Scroll            |       |       |    12 |       |    15 |     4 ||    31
 Stab: Sleeping          |     2 |       |       |       |       |       ||     2
       Distracted        |       |       |       |     3 |    10 |    12 ||    25
       Confused          |       |       |       |       |     1 |       ||     1
  Eat: Chunk             |     6 |     7 |     7 |    22 |    32 |    15 ||    89
       Ration            |       |       |     1 |     1 |     3 |    13 ||    18
Armor: Robe              |     5 |       |       |       |       |       ||     5
       Ring mail         |    21 |    26 |       |       |       |       ||    47
       Chain mail        |       |     6 |   127 |   240 |   135 |       ||   508
       Plate armour      |       |       |       |       |   273 |   484 ||   757
Dodge: Dodged            |    80 |    57 |    77 |   101 |   141 |   215 ||   671
Block: Other             |       |       |     9 |    13 |       |       ||    22
       Buckler           |       |       |       |    20 |       |       ||    20
       Reflection        |       |       |       |     1 |    39 |    64 ||   104
       Large shield      |       |       |       |   113 |   898 |  1042 ||  2053
